Map: Stargazers

Players

MattBarry - Winner!

  • Race: Zerg Zerg
  • League: Silver
  • Spawn Location: 1:00

TheMule

  • Race: Zerg Zerg
  • League: Diamond
  • Spawn Location: 11:00

VOD

Have the link to the VOD?

Description

Time

  • Played on: Jan. 19, 2023, 3:33 a.m.
  • Length: 4:27
Show
View Real Time Build Order
Export as new Build Order

MattBarry Zerg - Winner!

Build Orders: Pool First 

Get SALT Encoding   

  12  0:00  Drone  
  13  0:12  Overlord  
  13  0:17  Drone  
  14  0:23  Extractor  
  14  0:25  Drone  
  14  0:41  Spawning Pool  
  13  0:45  Drone  
  15  0:50  Drone  
  15  0:52  Drone  
  16  1:07  Drone  
  17  1:11  Drone  
  18  1:32  Zergling x2  
  19  1:33  Zergling x2  
  19  1:35  Metabolic Boost  
  20  1:40  Zergling x2  
  21  1:49  Queen, Evolution Chamber, Overlord  
  22  2:13  Zergling x4  
  24  2:22  Zergling x2  
  25  2:34  Zergling x2  
  26  2:43  Hatchery  
  25  3:03  Queen  
  25  3:04  Drone x2  
  25  3:05  Zergling x2  
  30  3:06  Overlord x2  
  30  3:21  Overlord  
  30  3:25  Zergling x2  
  31  3:50  Zergling x2, Drone  
  33  3:57  Hatchery  
  33  4:01  Zergling x2  
  33  4:02  Zergling x2  
Show
View Real Time Build Order
Export as new Build Order

TheMule Zerg 

Build Orders: Hatch First 

Get SALT Encoding   

  12  0:01  Drone  
  13  0:32  Hatchery  
  12  0:38  Drone  
  13  0:52  Spawning Pool  
  12  1:00  Drone x2  
  14  1:15  Overlord  
  14  1:27  Drone, Extractor  
  14  1:35  Drone  
  14  1:36  Drone  
  16  1:44  Drone  
  17  1:51  Drone  
  17  1:52  Queen  
  20  1:55  Drone  
  20  1:58  Queen  
  23  2:03  Drone  
  23  2:07  Drone  
  25  2:14  Extractor  
  25  2:15  Drone  
  25  2:18  Drone  
  26  2:24  Drone  
  26  2:27  Drone  
  28  2:44  Overlord  
  28  2:48  Overlord  
  28  2:50  Overlord  
  28  2:52  Overlord  
  28  2:59  Lair  
  28  3:05  Roach Warren  
  27  3:09  Drone  
  27  3:10  Drone  
  29  3:20  Spine Crawler  
  28  3:27  Spine Crawler  
  28  3:32  Evolution Chamber  
  26  3:35  Zergling x2  
  26  3:36  Zergling x2  
  26  3:37  Zergling x2  
  25  3:43  Zergling x2  
  25  3:44  Zergling x2  
  26  3:52  Roach  
  27  3:59  Roach  
Tags
 
Matchup
ZvZ
Race
Zerg
Replay Pack
Multiplayer
Spawn Locations
Close Positions
Add a new tag
Caveats
  • Supply blocks, unpowered buildings, or Contaminate may cause inaccurate times.
  • Supply counts are checked every 10 seconds.